 Dungeon Crawl Stone Soup version 0.26.0-20-g3ca415f5b8 (webtiles) character file.

Game seed: 9599283928123774220

11 iamoutofideas the Firebug (level 2, 0/19 HPs)
             Began as a Demonspawn Fire Elementalist on Jan 24, 2021.
             Slain by a hobgoblin
             ... wielding a +0 whip
              (5 damage)
             ... on level 1 of the Dungeon.
             The game lasted 00:00:39 (335 turns).

iamoutofideas the Firebug (DsFE)                     Turns: 335, Time: 00:00:40

Health: 0/19       AC:  2    Str:  8    XL:     2   Next: 13%
Magic:  1/5        EV: 12    Int: 16    God:
Gold:   28         SH:  0    Dex: 13    Spells: 4/5 levels left

rFire    + . .     SeeInvis .   (no weapon)
rCold    . . .     Faith    .   (no shield)
rNeg     . . .     Spirit   .   a - +0 robe
rPois    .         Reflect  .   (no helmet)
rElec    .         Harm     .   (no cloak)
rCorr    .         Rampage  .   (no gloves)
Will     .....                  (no boots)
Stlth    ++........             (no amulet)
HPRegen  0.06/turn              (no ring)
MPRegen  0.09/turn              (no ring)

@: no status effects
A: fire resistance 1
a: no special abilities


You were on level 1 of the Dungeon.
You visited 1 branch of the dungeon, and saw 1 of its levels.

You collected 28 gold pieces.

Inventory:

Armour
 a - a +0 robe (worn)
Scrolls
 b - a scroll of immolation {unknown}


   Skills:
 - Level 1.7 Dodging
 - Level 1.7 Stealth
 * Level 2.3 Spellcasting
 + Level 1.0 Conjurations
 + Level 3.0 Fire Magic


You had 4 spell levels left.
You knew the following spells:

 Your Spells              Type           Power        Failure   Level
a - Foxfire               Conj/Fire      32%          9%          1

Your spell library contained the following spells:

 Spells                   Type           Power        Failure   Level
 Conjure Flame            Conj/Fire      8%           26%         3
 Inner Flame              Hex/Fire       6%           32%         3
 Sticky Flame             Conj/Fire      8%           65%         4
 Fireball                 Conj/Fire      4%           94%         5


Dungeon Overview and Level Annotations

Branches:
Dungeon (1/15)

Altars:


Innate Abilities, Weirdness & Mutations

Your flesh is heat resistant. (rF+)


Message History

You are too injured to fight recklessly!
You hit the giant cockroach but do no damage.
The hobgoblin hits you but does no damage.
The giant cockroach bites you but does no damage.
You are too injured to fight recklessly!
You hit the giant cockroach but do no damage.
The giant cockroach bites you but does no damage.
The hobgoblin barely misses you.
You are too injured to fight recklessly!
You are too injured to fight recklessly!
You hit the giant cockroach.
The giant cockroach is severely wounded.
The giant cockroach bites you but does no damage.
The hobgoblin hits you with a +0 whip.
* * * LOW HITPOINT WARNING * * *
You are too injured to fight recklessly!
You barely miss the giant cockroach.
The giant cockroach is severely wounded.
The giant cockroach barely misses you. The hobgoblin hits you with a +0 whip.
You die...

....♣≈≈ ≈≈≈≈.≈♣
.....♣≈ ≈.≈.P..
......P ≈P≈P≈≈...
........$.....P....#
.........##.........#
..................#.#
..)...............#.#
.........g...)....#.#
....)....B@.......#.#
..?)..............#.#
............###..##.#
....#..........#....#
. .
#..........###..####
#####(.(÷..# #.....#
#######...## #.....#
#.#.#.#.#.####.....#
...................###


You could see a giant cockroach and a hobgoblin.

Vanquished Creatures
  A dart slug (D:1)
  2 hobgoblins (D:1)
  4 kobolds (D:1)
  A bat (D:1)
  A rat (D:1)
9 creatures vanquished.

Vanquished Creatures (others)
  34 foxfires (D:1)
  4 plants (D:1)
38 creatures vanquished.

Grand Total: 47 creatures vanquished

Notes
Turn   | Place    | Note
-------+----------+-------------------------------------------
     0 | D:1      | iamoutofideas the Demonspawn Fire Elementalist began the
                  | quest for the Orb.
     0 | D:1      | Reached XP level 1. HP: 13/13 MP: 3/3
   142 | D:1      | Reached skill level 3 in Fire Magic
   164 | D:1      | Gained mutation: Your flesh is heat resistant. (rF+)
                  | [demonic ancestry]
   164 | D:1      | Reached XP level 2. HP: 15/19 MP: 0/5
   335 | D:1      | Slain by a hobgoblin

Illustrated notes

Levels and vault maps discovered:
D:1:      minmay_arrival_jagged, layout_rooms, st_stairs_13, serial_bayou_pond_b

Skill      XL: |  1 |
---------------+----+-----
Fire Magic     | 3 |  3.0
Dodging        | |  1.7
Stealth        | |  1.7
Spellcasting   | |  2.3
Conjurations   | |  1.0

Action                   || total
-------------------------++-------
Melee: Unarmed           ||    20
 Cast: Foxfire           ||    19
Armor: Robe              ||     6
Dodge: Dodged            ||    21
